Map: Acropolis LE

Players

Mez

  • Race: Terran Terran
  • League: Master
  • Spawn Location: 5:00

nubnax - Winner!

  • Race: Protoss Protoss
  • League: Master
  • Spawn Location: 11:00

VOD

Have the link to the VOD?

Description

Time

  • Played on: Aug. 13, 2019, 1:47 p.m.
  • Length: 12:52
Show
View Real Time Build Order
Export as new Build Order

Mez Terran 

Build Orders: Reaper Expand 

Get SALT Encoding   

  12  0:00  SCV  
  13  0:13  SCV  
  14  0:20  Supply Depot  
  14  0:25  SCV  
  15  0:42  SCV  
  16  0:43  Barracks  
  16  0:47  Refinery  
  16  0:54  SCV  
  17  1:06  SCV  
  18  1:25  SCV  
  19  1:32  Reaper  
  20  1:37  Orbital Command  
  20  1:46  Command Center  
  20  1:55  Bunker  
  20  2:00  Supply Depot  
  20  2:03  SCV  
  20  2:06  Barracks Reactor  
  21  2:15  SCV  
  22  2:28  SCV  
  23  2:34  Command Center  
  23  2:45  Marine x2  
  23  2:49  Factory, SCV  
  26  2:59  Refinery  
  26  3:01  Orbital Command  
  26  3:05  Marine  
  26  3:09  SCV  
  28  3:14  Marine  
  29  3:21  SCV  
  30  3:28  SCV  
  30  3:30  Marine  
  30  3:32  Marine  
  30  3:33  SCV  
  34  3:38  Widow Mine  
  34  3:40  SCV  
  34  3:41  Starport  
  37  3:45  SCV  
  37  3:48  Orbital Command  
  38  3:51  Marine  
  38  3:52  Marine  
  41  3:55  SCV  
  41  3:57  SCV  
  41  3:58  Refinery  
  37  4:22  Engineering Bay  
  37  4:23  Widow Mine  
  38  4:34  Marine x2  
  38  4:35  SCV x3  
  43  4:41  Barracks  
  43  4:47  SCV x3  
  43  4:52  Starport Tech Lab  
  46  4:53  Widow Mine  
  46  4:56  Terran Infantry Weapons Level 1  
  46  4:59  SCV x2  
  50  5:00  SCV  
  50  5:10  Raven  
  50  5:11  SCV  
  50  5:12  SCV x2, Barracks  
  55  5:19  Widow Mine  
  55  5:35  SCV x2  
  57  5:40  Barracks  
  57  5:41  Barracks  
  57  5:45  Refinery  
  57  5:47  SCV x2  
  57  5:48  Factory Reactor  
  59  5:50  Orbital Command  
  59  5:59  SCV x2  
  59  6:03  Starport Reactor, Armory  
  61  6:05  Stimpack, Engineering Bay  
  61  6:20  Barracks Tech Lab  
  61  6:35  Supply Depot  
  61  6:38  Supply Depot x2  
  61  6:39  Supply Depot x2  
  61  6:43  Barracks Reactor, Combat Shield, SCV x3, Marine x2, Barracks Tech Lab  
  61  6:45  Terran Infantry Armor Level 1  
  66  6:55  SCV x3  
  66  6:57  Missile Turret  
  66  6:59  Missile Turret  
  66  7:01  Marine  
  67  7:07  SCV x3  
  70  7:10  Widow Mine x2  
  70  7:12  Supply Depot  
  70  7:13  Marine, Marauder x3, Supply Depot  
  62  7:15  Medivac x2  
  81  7:16  Terran Infantry Weapons Level 2  
  81  7:18  Marine  
  81  7:19  SCV x3  
  85  7:31  SCV x3  
  85  7:34  Missile Turret  
  86  7:38  Marine x4, Marauder x3  
  86  7:41  Supply Depot  
  86  7:42  Supply Depot  
  86  7:43  Supply Depot  
  96  7:45  Widow Mine x2  
  96  7:46  SCV x3  
  96  7:51  Concussive Shells  
  103  7:52  Medivac x2  
  107  7:59  SCV x3  
  107  8:00  Refinery  
  107  8:01  Marine x4  
  110  8:11  SCV  
  111  8:14  Supply Depot  
  111  8:19  Marine x2  
  117  8:20  Marine x2, Marauder x3  
  117  8:21  Missile Turret  
  117  8:22  Widow Mine x2, Medivac  
  117  8:26  SCV x3  
  130  8:28  Refinery  
  130  8:37  Marine  
  130  8:38  Ghost Academy  
  131  8:44  Terran Infantry Armor Level 2  
  131  8:45  Terran Ship Weapons Level 1, Starport  
  131  8:47  Marine, Marauder  
  131  8:48  Marine x2, Marauder x2  
  140  8:55  Marine  
  141  9:00  Command Center  
  141  9:01  Viking  
  141  9:02  Viking  
  145  9:05  Marine  
  146  9:13  Ghost x2  
  146  9:14  Ghost, Factory Tech Lab  
  146  9:15  Marine  
  153  9:19  Supply Depot  
  150  9:24  Marine  
  150  9:25  Marine  
  150  9:26  Supply Depot  
  151  9:32  Viking x2  
  155  9:45  Supply Depot  
  149  10:07  Supply Depot  
  149  10:08  Supply Depot  
  149  10:09  Marine x2  
  149  10:10  Viking x2, Marine x2, Marauder x3  
  163  10:16  Bunker  
  163  10:17  Supply Depot  
  163  10:19  Supply Depot  
  156  10:39  Ghost Academy  
  141  10:58  Viking x2, Marauder  
  141  11:02  Marine  
  141  11:03  Marine, Marauder x2  
  126  11:13  Viking x2  
  120  11:20  Marauder  
  111  11:25  Marine  
  111  11:26  Marine, Marauder x2  
  111  11:28  Viking x2  
  97  11:41  Marauder  
  97  11:43  Viking x2  
  88  11:47  Marauder x2  
Show
View Real Time Build Order
Export as new Build Order

nubnax Protoss - Winner!

Build Orders: 1 Gate Expand, Oracle Opening, Colossus Rush 

Get SALT Encoding   

  12  0:00  Probe  
  13  0:12  Probe  
  14  0:17  Pylon  
  14  0:22  Probe  
  15  0:31  Probe  
  16  0:39  Gateway  
  16  0:40  Probe  
  16  0:45  Assimilator  
  17  0:52  Probe  
  18  1:04  Probe  
  19  1:16  Probe  
  20  1:23  Nexus  
  20  1:32  Cybernetics Core  
  20  1:34  Probe  
  21  1:40  Assimilator  
  21  1:47  Probe  
  22  1:54  Pylon  
  22  1:56  Probe  
  23  2:03  Adept  
  23  2:08  Probe  
  26  2:20  Probe  
  26  2:24  Stargate  
  26  2:32  Probe  
  26  2:33  Adept  
  26  2:35  Probe  
  30  2:37  Warp Gate  
  30  2:44  Probe x2  
  32  2:52  Probe  
  32  2:56  Probe  
  32  2:57  Oracle  
  34  2:58  Pylon  
  34  3:02  Probe  
  34  3:03  Adept  
  37  3:08  Probe  
  41  3:14  Probe  
  42  3:20  Probe  
  42  3:26  Probe  
  44  3:32  Probe  
  45  3:35  Oracle  
  45  3:38  Probe  
  49  3:44  Probe, Nexus  
  49  3:47  Pylon  
  50  3:50  Probe  
  51  3:56  Probe  
  51  3:58  Robotics Facility  
  51  4:02  Probe  
  53  4:08  Probe  
  53  4:09  Phoenix  
  54  4:14  Probe  
  57  4:23  Probe  
  58  4:28  Gateway  
  58  4:30  Gateway  
  58  4:31  Assimilator, Probe  
  58  4:33  Sentry  
  58  4:34  Assimilator  
  58  4:35  Pylon  
  58  4:38  Probe  
  62  4:53  Probe x2  
  62  4:55  Robotics Bay  
  62  4:56  Assimilator  
  62  4:57  Assimilator  
  62  4:58  Probe  
  65  5:05  Probe  
  66  5:08  Probe, Phoenix  
  66  5:12  Observer  
  66  5:13  Probe  
  71  5:18  Probe  
  69  5:22  Probe  
  69  5:26  Observer  
  70  5:32  Phoenix  
  70  5:33  Probe  
  71  5:39  Gateway  
  71  5:40  Colossus, Gateway x2  
  71  5:43  Gateway  
  71  5:46  Probe x2  
  71  5:47  Probe  
  71  5:48  Gateway  
  80  5:58  Probe x2  
  80  5:59  Probe  
  80  6:03  Phoenix  
  83  6:05  Pylon  
  83  6:10  Extended Thermal Lance  
  85  6:16  Nexus  
  85  6:18  Observer, Pylon  
  85  6:21  Assimilator  
  85  6:23  Probe x3, Phoenix  
  85  6:24  Assimilator  
  88  6:27  Colossus, Pylon  
  90  6:35  Probe x2  
  90  6:37  Probe  
  90  6:38  Observer  
  93  6:44  Pylon  
  99  6:47  Probe  
  99  6:50  Pylon  
  99  6:51  Probe, Pylon  
  101  7:07  Twilight Council  
  101  7:09  Colossus  
  101  7:11  Probe, Forge  
  101  7:14  Forge  
  102  7:17  Pylon  
  102  7:18  Pylon  
  102  7:19  Zealot x4  
  116  7:24  Phoenix  
  116  7:27  Protoss Ground Armor Level 1, Protoss Ground Weapons Level 1  
  116  7:35  Probe  
  119  7:40  Probe, Charge  
  119  7:41  Probe  
  119  7:42  Gateway  
  121  7:44  Gateway  
  121  7:47  Probe  
  121  7:49  Observer, Gateway x2  
  122  8:03  Colossus  
  122  8:16  Probe  
  122  8:19  Probe  
  130  8:20  Templar Archives  
  130  8:21  Probe, Fleet Beacon  
  131  8:39  Nexus  
  131  8:41  Pylon  
  131  8:44  Assimilator  
  131  8:45  Zealot x4  
  139  8:49  Assimilator  
  139  8:52  Protoss Air Weapons Level 1  
  139  8:53  Pylon  
  139  8:56  Psionic Storm  
  139  8:58  High Templar x7  
  139  9:00  Warp Prism  
  155  9:08  Protoss Ground Weapons Level 2, Protoss Ground Armor Level 2  
  155  9:14  Stargate  
  155  9:15  Stargate  
  155  9:20  Blink  
  153  9:33  Tempest  
  156  10:01  Zealot x2  
  156  10:02  Zealot x2  
  156  10:05  Tempest x2  
  174  10:14  Warp Prism  
  174  10:16  Tempest  
  181  10:24  Zealot x4  
  189  10:28  Zealot x2  
  189  10:29  Zealot  
  183  10:48  Tempest x2  
  175  10:56  Archon x3  
  171  10:59  Stalker x5, Tempest  
  171  11:00  Stalker x5  
  184  11:12  Zealot x2  
  174  11:24  Zealot x5  
  176  11:29  Zealot x5  
  184  11:38  Zealot x2  
  172  11:45  High Templar x5  
  172  11:46  High Templar x2  
  164  11:51  Tempest x3  
  179  11:59  Zealot x3  
  185  12:05  Zealot  
  185  12:06  Zealot  
  189  12:29  Zealot x3  
  195  12:52  Pylon  
Tags
 
Add a new tag
Caveats
  • Supply blocks, unpowered buildings, or Contaminate may cause inaccurate times.
  • Supply counts are checked every 10 seconds.